 Dungeon Crawl Stone Soup version 0.29.1-1-gd02db6906a (webtiles) character file.

Game seed: 15129595598503911296

43549 croobank the Spry (level 13, -4/65 HPs)
             Began as a Felid Summoner on Oct 3, 2022.
             Was an Initiate of Gozag.
             Shot with a sling bullet by a faun (16 damage)
             ... on level 1 of the Shoals.
             The game lasted 02:38:19 (32623 turns).

croobank the Spry (Felid Summoner)                 Turns: 32623, Time: 02:38:19

Health: -4/65      AC:  3    Str:  6    XL:     13   Next: 91%
Magic:  25/38      EV: 14    Int: 28    God:    Gozag
Gold:   362        SH:  0    Dex: 16    Spells: 0/35 levels left
                                        Lives:  0   Deaths: 3

rFire   . . .      SeeInvis +   (weapon unavailable)
rCold   + . .      Faith    .   (shield unavailable)
rNeg    . . .      Spirit   .   (body armour unavailable)
rPois   .          Reflect  +   (helmet unavailable)
rElec   .          Harm     .   (cloak unavailable)
rCorr   .          Rampage  .   (gloves unavailable)
Will    +....                   (boots unavailable)
Stlth   +++++++...              e - amulet of reflection
HPRegen 0.20/turn               k - ring of Domink {MP+9 Str+2 Stlth+}
MPRegen 0.26/turn               A - +6 ring of intelligence

@: forested, held, studying Stealth, quick
A: very small, claws 1, fangs 3, see invisible, speed 1, shaggy fur 3, stealthy
paws, no weapons or thrown items, no armour, multi-lived
a: Renounce Religion, Potion Petition, Call Merchant, Bribe Branch


You were on level 1 of the Shoals.
You worshipped Gozag.
Gozag was aware of your devotion.
You visited 6 branches of the dungeon, and saw 22 of its levels.
You also visited: Bailey.

You collected 5597 gold pieces.
You spent 1046 gold pieces at shops.
You paid 4189 gold pieces to Gozag.

Inventory:

Jewellery
 e - an amulet of reflection (around neck)
 f - a +4 ring of evasion
 g - a ring of positive energy
 k - the ring of Domink (left paw) {MP+9 Str+2 Stlth+}
   (You took it off a kobold on level 2 of the Dungeon)

   [ring of magical power]

   Str:       It affects your strength (+2).
   MP:        It affects your magic capacity (+9).
   Stlth:     It makes you more stealthy.
 w - an amulet of magic regeneration
 z - the ring "Fisuchodea" {rC+ rCorr Dex+2}
   (You acquired it on level 1 of the Lair of Beasts)

   [ring of resist corrosion]

   Dex:       It affects your dexterity (+2).
   rC:        It protects you from cold.
   rCorr:     It protects you from acid and corrosion.
 A - a +6 ring of intelligence (right paw)
 G - a ring of positive energy
 I - a +4 ring of protection
 J - a +4 ring of protection
Wands
 v - a wand of quicksilver (5)
 y - a wand of flame (40)
 B - a wand of digging (3)
 E - a wand of charming (7)
 L - a wand of mindburst (8)
Scrolls
 b - 12 scrolls of teleportation
 c - 2 scrolls of magic mapping
 h - a scroll of amnesia
 i - 2 scrolls of vulnerability
 l - 3 scrolls of blinking
 m - 3 scrolls of fog
 p - 2 scrolls of enchant weapon
 q - 2 scrolls of poison
 r - 2 scrolls of enchant armour
 u - 3 scrolls of noise
 x - 2 scrolls of torment
 M - 8 scrolls of identify
Potions
 a - 2 potions of magic
 d - 5 potions of brilliance
 j - a potion of cancellation
 n - 3 potions of mutation
 o - a potion of curing
 s - 4 potions of attraction
 t - 3 potions of berserk rage
 D - a potion of haste
 F - 2 potions of might


   Skills:
 + Level 12.3 Fighting
 + Level 16.1 Dodging
 - Level 15.6 Stealth
 + Level 11.7 Spellcasting
 - Level 5.0 Hexes
 - Level 12.5 Summonings
 + Level 6.5 Translocations
 - Level 5.8 Transmutations
 - Level 7.0 Air Magic


You couldn't memorise any spells.
You knew the following spells:

 Your Spells              Type           Power      Damage    Failure   Level
a - Summon Small Mammal   Summ           100%       N/A       1%          1
b - Call Imp              Summ           72%        N/A       1%          2
c - Call Canine Familiar  Summ           72%        N/A       1%          3
d - Summon Guardian Gole  Hex/Summ       60%        N/A       1%          3
e - Summon Lightning Spi  Summ/Air       63%        N/A       1%          4
f - Summon Mana Viper     Hex/Summ       60%        N/A       2%          5
g - Summon Cactus Giant   Summ           36%        N/A       3%          6
h - Summon Forest         Summ/Tloc      31%        N/A       1%          5
i - Tukima's Dance        Hex            44%        N/A       1%          3
j - Mephitic Cloud        Conj/Pois/Air  29%        N/A       3%          3

Your spell library contained the following spells:

 Spells                   Type           Power      Damage    Failure   Level
 Slow                     Hex            100%       N/A       1%          1
 Blink                    Tloc           100%       N/A       1%          2
 Passwall                 Tmut/Erth      26%        N/A       1%          2
 Confusing Touch          Hex            44%        N/A       1%          3
 Gell's Gravitas          Tloc           52%        N/A       1%          3
 Lesser Beckoning         Tloc           52%        N/A       1%          3
 Teleport Other           Tloc           52%        N/A       1%          3
 Magic Dart               Conj           64%        1d6       3%          1
 Sandblast                Erth           32%        2d9       3%          1
 Scorch                   Fire           32%        2d6       4%          2
 Manifold Assault         Tloc           52%        N/A       6%          5
 Blade Hands              Tmut           24%        N/A       9%          5
 Stone Arrow              Conj/Erth      32%        3d9       10%         3
 Vampiric Draining        Necr           16%        2d7       10%         3
 Fulminant Prism          Conj/Hex       15%        3d11      12%         4
 Flame Wave               Conj/Fire      16%        2d7       32%         4
 Freezing Cloud           Conj/Ice/Air   14%        6-21      34%         5
 Fireball                 Conj/Fire      8%         3d6       67%         5
 Storm Form               Tmut/Air       25%        N/A       90%         7
 Iron Shot                Conj/Erth      8%         9d3       99%         6
 Starburst                Conj/Fire      8%         6d4       99%         6
 Polar Vortex             Ice            8%         N/A       100%        9
 Portal Projectile        Hex/Tloc       Unusable   N/A       N/A         3
 Simulacrum               Ice/Necr       Unusable   N/A       N/A         6

Dungeon Overview and Level Annotations

Branches:
Dungeon (11/15)            Temple (1/1) D:7            Lair (5/5) D:10
 Shoals (1/4) Lair:3        Snake (2/4) Lair:2        Slime (0/5) Lair:4
    Orc (2/2) D:9             Elf (0/3) Orc:2        Bailey (visited)

Altars:
Ashenzari
Cheibriados
Dithmenos
Elyvilon
Fedhas
Gozag
Hepliaklqana
Kikubaaqudgha
Makhleb
Nemelex Xobeh
Okawaru
Qazlal
Ru
Sif Muna
Trog
Uskayaw
Vehumet
Wu Jian
Xom
Yredelemnul
Zin
The Shining One

Shops:
D:1 :   D:3 :   D:8 (   D:10 ?   Orc:2 [?=!   Snake:1 (

Portals:
Abyss: D:7

Annotations:
D:7 2 transporters, juncz's ghost, novice GnIE
D:11 exclusion: ugly thing
Lair:2 3 runed translucent doors, groovy9's ghost, journeyman GnWn
Lair:5 exclusion: obsidian statue
Shoals:1 Donald
Snake:1 Roxanne
Orc:1 3 runed translucent doors, Du3lingdragon's ghost, journeyman TrBe


Innate Abilities, Weirdness & Mutations

You have sharp claws.
You have razor-sharp teeth.
You have supernaturally acute eyesight. (SInv)
You cover ground quickly. (Speed+)
Your thick and shaggy fur keeps you warm. (AC +3, rC+)
Your paws help you pounce on unaware monsters.
You are incapable of wielding weapons or throwing items.
You cannot wear armour.
You gain extra lives every three experience levels.


Message History

The forest starts to sway and rumble!
You hear a shout!
The water nymph shouts!
A sling bullet appears from out of your range of vision.
The sling bullet hits your dryad!
A faun comes into view.
It is wielding a +0 spear. 2 fauns come into view.
Donald casts a spell.
Donald seems to speed up.
The merfolk throws a throwing net.
The throwing net hits you.
You become entangled in the net!
A faun comes into view. It is wielding a +0 spear.
The faun shoots a sling bullet.
The sling bullet hits your dryad.
The faun unwields a +0 spear.
The faun wields a +0 sling.
The faun shoots a sling bullet.
The sling bullet hits you.
The faun shouts!
You see here a throwing net.
Casting: Summon Forest (dangerous; 1% risk of failure)
Confirm with . or Enter, or press ? or * to list all spells.
Aiming: Tukima's Dance (safe; 1% risk of failure)
Press: ? - help, Shift-Dir - straight line, f - Donald
Aim: Donald, wielding a +3 vorpal broad axe, wearing a +0 chain mail and wearing a +0 kite shield (fast, ally target, chance to affect: 8%) Donald resists with almost no effort.
Tree limbs sway around you.
The water nymph's watery aura covers the stone staircase leading down.
The faun unwields a +0 spear.
The faun wields a +0 sling.
The faun shoots a sling bullet.
The sling bullet hits you!
The faun unwields a +0 spear.
The faun wields a +0 sling.
The faun shoots a sling bullet.
The sling bullet hits you!!
Casting: Tukima's Dance (safe; 1% risk of failure)
Confirm with . or Enter, or press ? or * to list all spells.
The faun shoots a sling bullet.
The sling bullet hits you!
* * * LOW HITPOINT WARNING * * *
Your dryad hits Donald but does no damage.
Donald says, "I slipped earlier.
I hate that."
Donald hits your dryad with a +3 vorpal broad axe!
The faun gestures at you while chanting.
You resist with almost no effort.
The faun shoots a sling bullet.
The sling bullet barely misses you.
The faun shoots a sling bullet.
The sling bullet hits you!
You die...
Your body crumbles into a pile of gold.

~~~ ♣.~~...$
~~~~~~ ....~..
~~~~~. ...~~cc
~~~~~. ..~~~~c
..~~.~# .@~....
.~~~~..##♣R....c.
~~~~~............
≈≈≈~~...C@..m....
≈≈~~~..<.#♣♣...[.
≈~~~~~..♣♣ ...
~~~~~~.!# .
≈~~~~~..#
≈≈~~~...#
≈≈≈~~~...
≈≈≈≈~~~..
≈≈≈≈~~~~.


You could see Donald (fast, ally target), a merfolk, 4 fauns, a friendly dryad
(summoned) and a friendly cactus giant (summoned).

Vanquished Creatures
  A two-headed ogre (D:8)
  A spectral death yak (Lair:5)
  A cyclops (D:11)
  An elephant (Lair:1)
  Maggie (D:9)
  A warg (Orc:1)
  An orc warrior (D:8)
  2 bullfrogs (Bailey)
  A scorpion (D:5)
  A nameless horror (D:5)
  4 orc wizards
  4 gnolls (D:8)
  An ufetubus (D:6)
  A worm (D:3)
  5 orcs
  2 endoplasms
  A giant cockroach (D:4)
  A goblin (D:4)
  A hobgoblin (D:2)
  A quokka (D:1)
  A kobold (D:8)
33 creatures vanquished.

Vanquished Creatures (collateral kills)
  A dire elephant (Lair:5)
  A boulder beetle (Lair:5)
  5 hydras
  Erolcha (Orc:2)
  An ogre mage (Orc:2)
  3 anacondas (Snake:1)
  A two-headed ogre (D:10)
  2 naga warriors
  4 death yaks
  2 shock serpents (Snake:1)
  5 naga sharpshooters (Snake:1)
  A spectral dire elephant (Lair:5)
  2 salamander mystics
  A spectral death yak (Lair:5)
  A spectral anaconda (Lair:5)
  2 orc knights
  A lindwurm (Lair:2)
  A naga ritualist (Snake:1)
  3 necromancers (Lair:5)
  A cyclops (D:11)
  A manticore (Lair:3)
  10 orc sorcerers (Orc:2)
  11 elephants
  3 salamanders (Snake:1)
  17 black mambas
  4 naga magi
  2 dire elephant skeletons (Lair:5)
  8 cane toads
  2 rime drakes
  3 komodo dragons
  2 trolls
  A wind drake (Lair:3)
  A polar bear (Lair:5)
  8 hornets
  10 blink frogs
  39 yaks
  3 wyverns
  3 wraiths
  A shadow (D:10)
  A human (Bailey)
  A basilisk (Lair:5)
  Menkaure (D:7)
  6 nagas
  3 acid dragons
  24 water moccasins
  3 elephant zombies (Lair:5)
  7 orc warriors
  A hornet zombie (D:7)
  8 ogres
  5 wolves (Lair:2)
  3 centaurs
  An elephant skeleton (Lair:5)
  2 kobold brigands (D:8)
  20 bullfrogs
  3 necrophages
  A gnoll sergeant (D:10)
  4 scorpions
  3 wights (D:9)
  A cane toad simulacrum (Lair:5)
  An elephant simulacrum (Lair:5)
  8 killer bees
  5 howler monkeys
  3 nameless horrors
  2 hounds
  Crazy Yiuf (D:3)
  2 gnoll boudas
  9 orc priests
  5 iguanas
  27 orc wizards
  A killer bee zombie (D:7)
  12 gnolls
  7 adders
  2 white imps
  2 ufetubi (D:5)
  A worm (D:3)
  2 dart slugs
  33 orcs
  4 ball pythons
  4 bats (D:3)
  7 endoplasms
  A giant cockroach (D:4)
  4 goblins
  6 hobgoblins
  A jackal (D:5)
  A quokka (D:1)
  2 frilled lizards
  6 kobolds
  3 rats
428 creatures vanquished.

Vanquished Creatures (others)
  2 dire elephants (Lair:5)
  2 vault guards (Bailey)
  3 elephants
  A cane toad (Lair:2)
  3 hornets
  Prince Ribbit (D:9)
  18 yaks
  3 humans (Bailey)
  A steam dragon (D:8)
  Edmund (D:6)
  Duvessa (D:5)
  3 orc warriors
  2 ogres
  7 centaurs
  3 bullfrogs
  A necrophage (D:5)
  A scorpion (D:5)
  7 wights
  Dowan (D:5)
  A killer bee (D:9)
  A howler monkey (D:9)
  A gnoll bouda (D:8)
  2 hounds
  3 orc wizards
  3 gnolls
  A white imp (D:8)
  2 ufetubi (D:5)
  3 orcs
  39 fungi
  40 plants
  24 withered plants (Lair:5)
181 creatures vanquished.

Grand Total: 642 creatures vanquished

Notes
Turn   | Place    | Note
-------+----------+-------------------------------------------
     0 | D:1      | croobank the Felid Summoner began the quest for the Orb.
     0 | D:1      | Reached XP level 1. HP: 7/7 MP: 4/4
   216 | D:1      | Found Izxiol Tupe's Vocational Training.
   971 | D:1      | Reached skill level 3 in Dodging
   971 | D:1      | Reached XP level 2. HP: 11/11 MP: 3/6
   974 | D:1      | Learned a level 2 spell: Call Imp
  1317 | D:1      | Found a faded altar of an unknown god.
  1659 | D:2      | Reached XP level 3. HP: 14/14 MP: 3/7
  1663 | D:2      | Learned a level 3 spell: Call Canine Familiar
  1798 | D:2      | Identified the ring of Domink {MP+9 Str+2 Stlth+}
  2176 | D:3      | Found Plog's Book Shop.
  2608 | D:3      | Found a runed translucent door.
  2609 | D:3      | Noticed Crazy Yiuf
  3011 | D:3      | Found a sparkling altar of Nemelex Xobeh.
  3388 | D:3      | Reached XP level 4. HP: 18/18 MP: 3/8
  4126 | D:4      | Found a blossoming altar of Fedhas.
  4261 | D:4      | Found an ornate altar of the Wu Jian Council.
  4304 | D:4      | Found a radiant altar of Vehumet.
  4499 | D:4      | Reached skill level 1 in Hexes
  4504 | D:4      | Reached skill level 4 in Dodging
  4535 | D:4      | Noticed a wyvern
  4541 | D:4      | Killed a wyvern
  4542 | D:4      | Reached skill level 1 in Fighting
  4542 | D:4      | Reached XP level 5. HP: 22/22 MP: 10/10
  4542 | D:4      | Gained mutation: You are covered in thick fur. (AC +2)
                  | [Felid growth]
  4542 | D:4      | Reached XP level 6. HP: 26/26 MP: 11/11
  4546 | D:4      | Learned a level 3 spell: Summon Guardian Golem
  5224 | D:5      | Entered Level 5 of the Dungeon
  5440 | D:5      | Noticed Dowan
  5441 | D:5      | Noticed Duvessa
  5451 | D:5      | Killed Dowan
  5452 | D:5      | Reached skill level 5 in Summonings
  5452 | D:5      | Killed Duvessa
  5453 | D:5      | Reached skill level 5 in Dodging
  5616 | D:5      | Reached XP level 7. HP: 3/30 MP: 9/13
  6372 | D:5      | Learned a level 4 spell: Summon Lightning Spire
  6729 | D:5      | Reached skill level 6 in Dodging
  6899 | D:5      | Reached skill level 5 in Hexes
  6899 | D:5      | Reached skill level 1 in Air Magic
  6899 | D:5      | Reached XP level 8. HP: 34/34 MP: 15/15
  7964 | D:6      | Got the Meditations on Battling
  8352 | D:6      | Reached skill level 7 in Dodging
  8423 | D:6      | Reached skill level 5 in Spellcasting
  8426 | D:6      | Noticed Edmund
  8441 | D:6      | Killed Edmund
  8467 | D:6      | Reached XP level 9. HP: 30/39 MP: 17/17
  9114 | D:7      | Reached skill level 5 in Fighting
  9171 | D:7      | Found a staircase to the Ecumenical Temple.
  9188 | Temple   | Entered the Ecumenical Temple
  9193 | Temple   | Became a worshipper of Gozag Ym Sagoz the Greedy
  9214 | D:7      | Noticed Menkaure
  9235 | D:7      | Killed Menkaure
  9501 | D:7      | Reached skill level 8 in Dodging
  9501 | D:7      | Reached skill level 5 in Stealth
  9613 | D:7      | Found a transporter.
  9617 | D:7      | Found a transporter.
  9668 | D:7      | Found the +8 demon trident "Rift" {distort, reach+}
  9703 | D:7      | Found a basalt altar of Yredelemnul.
  9724 | D:7      | Noticed an ancient zyme
  9740 | D:7      | Noticed a toenail golem
 10376 | D:8      | Found a sacrificial altar of Ru.
 10750 | D:8      | Found a shimmering altar of Xom.
 10787 | D:8      | Found a hazy altar of Hepliaklqana.
 10915 | D:8      | Found a burning altar of Makhleb.
 10930 | D:8      | Found Reitaz's Antique Weapon Shop.
 10946 | D:8      | Reached XP level 10. HP: 45/45 MP: 20/20
 10953 | D:8      | Noticed a two-headed ogre
 10991 | D:8      | Killed a two-headed ogre
 10992 | D:8      | Reached skill level 9 in Dodging
 11649 | D:8      | Found a glowing silver altar of Zin.
 11650 | D:8      | Noticed an angel
 11936 | D:9      | Noticed Prince Ribbit
 11948 | D:9      | Killed Prince Ribbit
 11982 | D:9      | Reached skill level 5 in Air Magic
 12048 | D:9      | Found a staircase to the Orcish Mines.
 12088 | D:9      | Noticed Maggie
 12107 | D:9      | Killed Maggie
 12489 | D:9      | Found a white marble altar of Elyvilon.
 12595 | D:9      | Found a hide-covered altar of Uskayaw.
 12751 | D:9      | Reached skill level 10 in Dodging
 12756 | D:9      | Reached XP level 11. HP: 50/50 MP: 22/22
 13089 | D:10     | Entered Level 10 of the Dungeon
 13159 | D:10     | Found a flagged portal.
 13171 | D:10     | Learned a level 3 spell: Tukima's Dance
 13175 | D:10     | Learned a level 3 spell: Mephitic Cloud
 13176 | Bailey   | Entered a bailey
 13685 | Bailey   | Noticed a vault guard
 13802 | Bailey   | Killed a vault guard
 14051 | Bailey   | Noticed a vault guard
 14070 | Bailey   | Killed a vault guard
 14237 | D:10     | Found Yvuuquocw's Magic Scroll Shoppe.
 14245 | D:10     | Bought a scroll of summoning for 142 gold pieces
 14245 | D:10     | Bought a scroll of identify for 30 gold pieces
 14245 | D:10     | Bought a scroll of vulnerability for 60 gold pieces
 14262 | D:10     | HP: 2/50 [centaur/arrow (10)]
 14897 | D:10     | Reached skill level 10 in Stealth
 15148 | D:10     | Found a staircase to the Lair.
 15185 | D:10     | Noticed a two-headed ogre
 15195 | D:10     | Killed a two-headed ogre
 15519 | D:10     | Reached skill level 11 in Dodging
 16619 | D:11     | Noticed a red ugly thing
 17221 | D:3      | Bought a book of Scorching for 330 gold pieces
 17228 | D:3      | Learned a level 6 spell: Summon Cactus Giant
 17456 | Lair:1   | Entered Level 1 of the Lair of Beasts
 17532 | Lair:1   | Gained mutation: Your thick and shaggy fur keeps you warm.
                  | (AC +3, rC+) [Felid growth]
 17532 | Lair:1   | Reached XP level 12. HP: 56/56 MP: 11/25
 17909 | Lair:1   | Noticed a seven-headed hydra
 17935 | Lair:1   | Slain by a seven-headed hydra
 17936 | Lair:1   | Reached XP level 11. HP: -5/52 MP: 23/33
 17960 | Lair:1   | Reached skill level 10 in Summonings
 17962 | Lair:1   | Killed a seven-headed hydra
 17963 | Lair:1   | Reached skill level 12 in Dodging
 18764 | Lair:1   | Identified a scroll of acquirement
 18764 | Lair:1   | Acquired the ring "Fisuchodea" {rC+ rCorr Dex+2}
 18781 | Lair:1   | Identified the +7 dagger of Intuition {drain, rF+ Str+2
                  | Dex+5}
 19007 | Lair:2   | Found a runed translucent gate.
 19007 | Lair:2   | Found a runed translucent gate.
 19007 | Lair:2   | Found a runed translucent gate.
 19469 | Lair:2   | Noticed a lindwurm
 19472 | Lair:2   | Killed a lindwurm
 19538 | Lair:2   | Found a staircase to the Snake Pit.
 19715 | Lair:2   | Reached XP level 12. HP: 55/57 MP: 26/26
 20664 | Lair:2   | Noticed groovy9's ghost (journeyman GnWn)
 20754 | Lair:3   | Reached skill level 13 in Dodging
 21376 | Lair:3   | Found a staircase to the Shoals.
 21964 | Lair:4   | Noticed a five-headed hydra
 21967 | Lair:4   | Killed a five-headed hydra
 21968 | Lair:4   | Reached skill level 10 in Fighting
 22218 | Lair:4   | Noticed a death yak
 22235 | Lair:4   | Killed a death yak
 22269 | Lair:4   | Noticed a death yak
 22278 | Lair:4   | Noticed a death yak
 22294 | Lair:4   | Killed a death yak
 22297 | Lair:4   | Killed a death yak
 22454 | Lair:4   | Found a staircase to the Slime Pits.
 22880 | Lair:4   | Learned a level 5 spell: Summon Mana Viper
 22907 | Lair:4   | Paralysed by a hornet for 3 turns
 22925 | Lair:4   | Reached XP level 13. HP: 44/62 MP: 21/27
 22933 | Lair:4   | Reached skill level 10 in Spellcasting
 23291 | Lair:5   | Entered Level 5 of the Lair of Beasts
 23488 | Lair:5   | Reached skill level 14 in Dodging
 24310 | Lair:5   | Noticed a dire elephant
 24322 | Lair:5   | Noticed a dire elephant
 24323 | Lair:5   | Noticed a dire elephant
 24707 | Lair:5   | Killed a dire elephant
 24708 | Lair:5   | Killed a dire elephant
 24713 | Lair:5   | Killed a dire elephant
 25291 | Lair:5   | Reached skill level 15 in Stealth
 26353 | D:3      | Killed Crazy Yiuf
 26585 | D:7      | Found a one-way gate to the infinite horrors of the Abyss.
 26585 | D:7      | Noticed juncz's ghost (novice GnIE)
 26631 | Orc:1    | Entered Level 1 of the Orcish Mines
 26920 | Orc:1    | Found a runed translucent gate.
 26920 | Orc:1    | Found a runed translucent gate.
 26920 | Orc:1    | Found a runed translucent gate.
 26922 | Orc:1    | Noticed Du3lingdragon's ghost (journeyman TrBe)
 27230 | Orc:2    | Entered Level 2 of the Orcish Mines
 27301 | Orc:1    | Reached skill level 1 in Translocations
 27562 | Orc:2    | Found a staircase to the Elven Halls.
 27598 | Orc:2    | Reached skill level 15 in Dodging
 27606 | Orc:2    | Reached XP level 14. HP: 67/67 MP: 24/29
 27787 | Orc:2    | Acquired a book of Spatial Translocations
 28329 | Orc:2    | Found Kusyuled's Antique Armour Shoppe.
 28373 | Orc:2    | Found a radiant altar of Vehumet.
 28375 | Orc:2    | Noticed Erolcha
 28402 | Orc:2    | Killed Erolcha
 28604 | Orc:2    | Found Faipygh's Magic Scroll Emporium.
 28651 | Orc:2    | Found an ancient bone altar of Kikubaaqudgha.
 28713 | Orc:2    | Found Deluph's Jewellery Shoppe.
 28715 | Orc:2    | Paralysed by an orc sorcerer for 5 turns
 28738 | Orc:2    | Found Avolerph's Distillery.
 28946 | D:3      | Bought the Book of Ruinous Ozone for 484 gold pieces
 28952 | D:3      | Learned a level 5 spell: Summon Forest
 29278 | Snake:1  | Entered Level 1 of the Snake Pit
 29278 | Snake:1  | Identified Roxanne's Anthology of Excavation
 29278 | Snake:1  | Noticed Roxanne
 29710 | Snake:1  | Identified the +0 ring mail "Puygiqots" {Rampage Slay+3
                  | SInv}
 29802 | Snake:1  | Found Lebiaf's Antique Weapon Shoppe.
 29961 | Snake:1  | HP: 3/102 [salamander mystic/+1 quarterstaff of distortion
                  | (3)]
 29965 | Snake:1  | Killed from afar by a salamander mystic
 29966 | Snake:1  | Reached XP level 13. HP: -2/96 MP: 34/38
 30162 | Snake:1  | Reached skill level 5 in Transmutations
 30162 | Snake:1  | Reached XP level 14. HP: 68/68 MP: 30/30
 30504 | Snake:1  | Reached skill level 5 in Translocations
 30793 | Snake:1  | Shot with an arrow by a naga sharpshooter
 30794 | Snake:1  | Reached XP level 13. HP: -8/64 MP: 24/38
 31663 | Snake:1  | Reached skill level 16 in Dodging
 32618 | Shoals:1 | Entered Level 1 of the Shoals
 32618 | Shoals:1 | Noticed Donald
 32623 | Shoals:1 | Shot with a sling bullet by a faun

Illustrated notes

Levels and vault maps discovered:
D:1:      saegor_arrival_simple_e, layout_loops_corners,
          shapermc_ecumenical_altar_acropolis, nicolae_shop_vocational
D:2:      layout_rooms, nrook_loot_triangle
D:3:      layout_basic, mainiacjoe_overflow_chevrons, serial_shops,
          nicolae_shop_hallway_stairs, uniq_crazy_yiuf_cottage
D:4:      layout_basic, nicolae_overflow_crystal_walls, lemuel_tele_altar,
          fedhas_altar_4, kennysheep_dice
D:5:      minmay_opposing_rooms, layout_basic, uniq_duvessa
D:6:      layout_gridville, hex_large, minmay_manual_mares, uniq_edmund
D:7:      layout_loops_ring, lemuel_zombie_altar_yredelemnul,
          minmay_temple_entry_waves, gammafunk_ghost_abyssal_escape,
          nrook_campfire, uniq_menkaure
D:8:      layout_cave_pools, kennysheep_mini, zin_angel, xom_confusion_cloud,
          mainiacjoe_overflow_concentric_impassable,
          worldfamousw_hep_ancestral_shrine, serial_shops,
          nicolae_shop_behind_doors, hangedman_abyss_or_decor_slice
D:9:      layout_loops_ring, old_standard_altar, mainiacjoe_overflow_paths,
          orc_0_dummy, uniq_maggie, uniq_prince_ribbit1
D:10:     layout_basic, lair_entry_dummy, serial_shops, shop_statue,
          enter_bailey_6
D:11:     layout_roguey
Temple:   hellmonk_temple_micro_hex
Lair:1:   layout_gridlike, hibernation_bobbens, infiniplex_staircase_pool
Lair:2:   layout_regular_city, minmay_snake_entry_six_corridors,
          gammafunk_ghost_icy
Lair:3:   layout_small_grid, minmay_shoals_entry_beasts
Lair:4:   layout_gridlike, slime_entry_1, minivault_11, dreamdust_wasp_nest,
          serial_bayou_shore_b
Lair:5:   due_jungle_book, layout_layer_cave
Shoals:1: layout_shoals, hellmonk_ghost_happy_afterlife, uniq_donald,
          uniq_jorgrun, uniq_josephine
Snake:1:  layout_chambers, nicolae_triple_integral, serial_bayou_shore_b,
          minmay_shop_star, uniq_roxanne
Snake:2:  layout_gridlike, grunt_megastairs_3, minmay_shoptagon
Orc:1:    layout_diamond_mine, ebering_ghost_rock_garden
Orc:2:    kennysheep_orc_mage_school, layout_caves, guppyfry_library_mini

Skill      XL: |  1  2  3  4  5  6  7  8  9 10 11 12 13 14 |
---------------+-------------------------------------------+-----
Stealth        | 3 7 9 12 13 15 | 15.6
Dodging        | 3 4 5 6 7 8 10 12 13 16 | 16.1
Hexes          | 2 3 5 |  5.0
Fighting       | 1 2 3 4 5 7 9 10 11 12 | 12.3
Spellcasting   | 3 4 5 6 7 9 10 11 | 11.7
Summonings     | 5 6 7 8 10 11 12 | 12.5
Air Magic      | 1 2 4 5 6 7 |  7.0
Translocations | 6 5 |  6.5
Transmutations | 5 |  5.8

Action                   |  1- 3 |  4- 6 |  7- 9 | 10-12 | 13-15 || total
-------------------------+-------+-------+-------+-------+-------++-------
Melee: Unarmed           |    20 |     6 |    27 |    40 |    44 ||   137
       Bite              |     2 |     2 |     2 |     9 |    13 ||    28
       Punch             |       |       |     1 |       |       ||     1
 Cast: Summon Small Mamm |    68 |    27 |    82 |    71 |     1 ||   249
       Call Imp          |    14 |     7 |    23 |    24 |     2 ||    70
       Call Canine Famil |       |     8 |    43 |    67 |     7 ||   125
       Summon Guardian G |       |     4 |    40 |    74 |    17 ||   135
       Summon Lightning  |       |       |       |    68 |    65 ||   133
       Summon Cactus Gia |       |       |       |    19 |    62 ||    81
       Mephitic Cloud    |       |       |       |     1 |       ||     1
       Summon Mana Viper |       |       |       |     1 |    66 ||    67
       Tukima's Dance    |       |       |       |       |     3 ||     3
       Summon Forest     |       |       |       |       |     2 ||     2
Invok: Potion Petition   |       |       |       |       |     8 ||     8
Evoke: Wand              |       |       |     7 |    15 |     6 ||    28
  Use: Potion            |       |     2 |     6 |     3 |     4 ||    15
       Scroll            |       |     6 |     9 |    15 |     2 ||    32
 Stab: Distracted        |     2 |       |       |     1 |     4 ||     7
       Sleeping          |     1 |     1 |     1 |     1 |       ||     4
       Confused          |       |       |       |     1 |       ||     1
Armor: Skin              |     1 |     3 |     5 |     3 |    19 ||    31
Dodge: Dodged            |    22 |    17 |   103 |   115 |   122 ||   379
Block: Other             |       |       |     2 |    29 |    12 ||    43
       Reflection        |       |       |       |     2 |     4 ||     6
